 Dungeon Crawl Stone Soup version 0.29-a0-469-gd254ca66d9 (webtiles) character file.

Game seed: 13217519843881525222

81 Bruhh the Skirmisher (level 4, -3/50 HPs)
             Began as an Ogre Fighter on May 22, 2022.
             Slain by a gnoll
             ... wielding a +0 whip
              (7 damage)
             ... on level 3 of the Dungeon.
             The game lasted 00:03:08 (2431 turns).

Bruhh the Skirmisher (Ogre Fighter)                 Turns: 2431, Time: 00:03:08

Health: -3/50      AC:  3    Str: 22    XL:     4   Next: 42%
Magic:  4/4        EV:  8    Int:  9    God:
Gold:   86         SH:  7    Dex:  8    Spells: 3/3 levels left

rFire   . . .      SeeInvis +   a - +0 flail
rCold   . . .      Faith    .   c - +0 kite shield
rNeg    . . .      Spirit   .   b - +0 robe
rPois   .          Reflect  .   (helmet restricted)
rElec   .          Harm     .   (no cloak)
rCorr   .          Rampage  .   (gloves unavailable)
Will    .....                   (boots unavailable)
Stlth   +.........              (no amulet)
HPRegen 0.16/turn               n - ring of see invisible
MPRegen 0.09/turn               (no ring)

@: weak-willed
A: large, unfitting armour, tough skin 1, deterioration 1
a: no special abilities


You were on level 3 of the Dungeon.
You visited 1 branch of the dungeon, and saw 4 of its levels.

You collected 86 gold pieces.

Inventory:

Hand Weapons
 a - a +0 flail (weapon)
Armour
 b - a +0 robe (worn)
 c - a +0 kite shield (worn)
Jewellery
 n - a ring of see invisible (left hand)
 o - a ring of ice
Wands
 l - a wand of iceblast (4)
Scrolls
 d - 6 scrolls of noise
 e - a scroll of magic mapping
 g - a scroll of vulnerability
 k - a scroll of blinking {unknown}
 m - a scroll of summoning {unknown}
 p - 2 scrolls of poison {unknown}
 q - 2 scrolls of teleportation
Potions
 j - a potion of magic


   Skills:
 + Level 5.5 Fighting
 + Level 3.1 Maces & Flails
 - Level 2.6 Dodging
 - Level 3.0 Shields


You had 3 spell levels left.
You didn't know any spells.
Your spell library was empty.

Dungeon Overview and Level Annotations

Branches:
Dungeon (4/15)
 Temple: D:4-7

Altars:

Shops:
D:1 (   D:2 (


Innate Abilities, Weirdness & Mutations

You are too large for most types of armour.
You have tough skin. (AC +1)
Your body sometimes deteriorates upon taking damage.


Message History

Magic quickly surges around you.
It was a scroll of vulnerability.
The bat hits you but does no damage.
A scorpion comes into view.
The howler monkey hits you.
* * * LOW HITPOINT WARNING * * *
The hobgoblin hits you.
* * * LOW HITPOINT WARNING * * *
As you read the scroll labelled JAYTASH RETY, it crumbles to dust.
You feel strangely unstable.
It was a scroll of teleportation.
The bat barely misses you. You block the howler monkey's attack.
The hobgoblin hits you but does no damage.
You block the howler monkey's attack.
You feel better. The jackal closely misses you. The hobgoblin hits you.
* * * LOW HITPOINT WARNING * * *
The jackal closely misses you. You block the bat's attack.
The howler monkey barely misses you. You block the bat's attack.
The jackal barely misses you. The jackal bites you.
* * * LOW HITPOINT WARNING * * *
The hobgoblin closely misses you. The howler monkey hits you.
* * * LOW HITPOINT WARNING * * *
The jackal bites you but does no damage.
The jackal barely misses you.
You climb upwards.
Your surroundings suddenly seem different.
A gnoll comes into view. It is wielding a +0 whip.
Found a scroll labelled FEIRAJUSATH.
Found a stone staircase leading down.
The gnoll shouts!
You see here a scroll labelled FEIRAJUSATH.
There is a stone staircase leading down here.
You climb downwards.
The adder hisses angrily.
The dart slug launches a dart at you. The slug dart hits you.
* * * LOW HITPOINT WARNING * * *
Found 10 stones.
There is a stone staircase leading up here.
You block the adder's attack.
You climb upwards.
You block the gnoll's attack. The gnoll hits you with a +0 whip!
You die...

.............#.#
#.....?......#.#
..........#.##
#.##.#..#.#. ..
##.#.## ## #.#.#
.###+##.#.##
.......?...#
.......@g..#
...........#
.###......##
########


You could see a gnoll.

Vanquished Creatures
  2 gnolls
  An adder (D:2)
  A worm (D:2)
  3 dart slugs (D:1)
  5 ball pythons (D:2)
  2 bats (D:1)
  An endoplasm (D:1)
  3 giant cockroaches
  4 goblins
  2 hobgoblins (D:1)
  2 jackals (D:2)
  4 quokkas
  4 frilled lizards
  6 kobolds
  3 rats
43 creatures vanquished.

Notes
Turn   | Place    | Note
-------+----------+-------------------------------------------
     0 | D:1      | Bruhh the Ogre Fighter began the quest for the Orb.
     0 | D:1      | Reached XP level 1. HP: 24/24 MP: 1/1
    80 | D:1      | Found Xatepp's Weapon Shoppe.
   196 | D:1      | Reached XP level 2. HP: 18/33 MP: 2/2
  1061 | D:1      | Reached XP level 3. HP: 30/41 MP: 3/3
  1442 | D:2      | Reached skill level 5 in Fighting
  1932 | D:2      | Found a faded altar of an unknown god.
  2072 | D:2      | Found Plog's Antique Weapon Shop.
  2146 | D:2      | Reached XP level 4. HP: 50/50 MP: 4/4
  2411 | D:4      | Gained mutation: Your body sometimes deteriorates upon
                  | taking damage. [potion of mutation]
  2416 | D:4      | Noticed a scorpion
  2429 | D:4      | Noticed a scorpion
  2431 | D:3      | Slain by a gnoll

Illustrated notes

Levels and vault maps discovered:
D:1:      amcnicky_arrival_double_pillar, layout_basic, serial_shops,
          nicolae_shop_bloodbath_and_beyond, minmay_vboxes
D:2:      layout_loops_ring, chequers_ecumenical_altar_grove, serial_shops, shop
D:3:      minmay_angry_zag, layout_basic, ebering_ghost_inner_flame,
          hangedman_decor_opposing, uniq_natasha, uniq_terence, uniq_jessica
D:4:      layout_cave_pools, hangedman_abyss_or_decor_lesser_grid,
          minmay_tree_intersection, uniq_pikel

Skill      XL: |  1  2  3  4 |
---------------+-------------+-----
Maces & Flails | 2 3 |  3.1
Fighting       | 5 |  5.5
Dodging        | |  2.6
Shields        | |  3.0

Action                   |  1- 3 |  4- 6 || total
-------------------------+-------+-------++-------
Melee: Flail             |   130 |    14 ||   144
  Use: Potion            |     3 |     3 ||     6
       Scroll            |       |     4 ||     4
Armor: Robe              |    48 |    16 ||    64
Dodge: Dodged            |    74 |    28 ||   102
Block: Kite shield       |    55 |    25 ||    80

Table legend: (Time is in decaauts)
 A = Elapsed time spent in this place.
 B = Non-inter-level travel time spent in this place.
 C = Inter-level travel time spent in this place.
 D = Time resting spent in this place.
 E = Time spent auto-exploring this place.
 F = Levels seen in this place.
 G = Mean time per level.
                   A        B        C        D        E       F      G
               +--------+--------+--------+--------+--------+-----+--------+
         Total |   2488 |   2431 |     57 |      0 |   2029 |   4 |  622.0 |
       Dungeon |   2488 |   2431 |     57 |      0 |   2029 |   4 |  622.0 |
               +--------+--------+--------+--------+--------+-----+--------+

Top non-repeatable levels by time:
     D:1: 1413 daAuts
     D:2: 949 daAuts
     D:3: 108 daAuts
     D:4: 16 daAuts
